 Dungeon Crawl Stone Soup version 0.26-a0-291-g3d11bbfad5 (webtiles) character file.

Game seed: 14094055969846971354

2132 Infinimo the Nimble (level 9, -1/47 HPs)
             Began as a Spriggan Berserker on July 13, 2020.
             Was an Elder of Trog.
             Killed from afar by an orc wizard (4 damage)
             ... with a magic dart
             ... on level 7 of the Dungeon.
             The game lasted 00:10:42 (6194 turns).

Infinimo the Nimble (Spriggan Berserker)            Turns: 6194, Time: 00:10:42

Health: -1/47      AC:  3    Str: 13    XL:     9   Next: 9%
Magic:  19/19      EV: 25    Int:  9    God:    Trog [****..]
Gold:   351        SH:  9    Dex: 18    Spells: 8/8 levels left

rFire    + . .     SeeInvis +   a - +0 falchion
rCold    + . .     Faith    .   y - +3 buckler of Spite {+Inv MR+}
rNeg     . . .     Spirit   .   C - +0 robe {rF+}
rPois    .         Reflect  .   (helmet restricted)
rElec    .         Harm     .   s - +0 cloak
rCorr    .                      (gloves unavailable)
MR       ++...                  (boots unavailable)
Stlth    ++........             n - amulet of regeneration
HPRegen  0.55/turn              z - ring of protection from cold
MPRegen  0.16/turn              j - ring of magical power

@: berserk cooldown, slowed, quick
A: very small, unfitting armour, see invisible, speed 3
a: Berserk, Trog's Hand, Brothers in Arms, Renounce Religion, Evoke Invisibility


You were on level 7 of the Dungeon.
You worshipped Trog.
Trog was greatly pleased with you.
You visited 1 branch of the dungeon, and saw 7 of its levels.

You collected 351 gold pieces.

Inventory:

Hand Weapons
 a - a +0 falchion (weapon)
Missiles
 q - 26 poisoned darts (quivered)
Armour
 s - a +0 cloak (worn)
 y - the +3 buckler of Spite (worn) {+Inv MR+}
   (You found it on level 4 of the Dungeon)

   It affects your resistance to hostile enchantments.
   It lets you turn invisible.
 C - a +0 robe of fire resistance (worn)
Jewellery
 j - a ring of magical power (right hand)
 n - an amulet of regeneration (around neck)
 r - an uncursed ring of poison resistance
 z - a ring of protection from cold (left hand)
Wands
 p - a wand of acid (11)
Scrolls
 b - a scroll of holy word {unknown}
 c - 3 scrolls of remove curse
 i - 2 scrolls of magic mapping
 k - a scroll of fog
 l - 4 scrolls of teleportation
 m - a scroll of enchant armour
 A - a scroll of immolation
 D - a scroll of random uselessness {unknown}
Potions
 d - 2 potions of mutation
 e - a potion of might {unknown}
 f - 3 potions of lignification
 g - a potion of magic
 h - a potion of flight {unknown}
 o - 2 potions of degeneration
 t - a potion of berserk rage
 u - a potion of curing
 v - 2 potions of cancellation
 w - a potion of heal wounds
 x - a potion of ambrosia
 B - a potion of stabbing


   Skills:
 + Level 5.4 Fighting
 * Level 7.2 Long Blades
 + Level 9.2 Dodging
 + Level 2.4 Shields


You had 8 spell levels left.
You didn't know any spells.
Your spell library was empty.

Dungeon Overview and Level Annotations

Branches:
Dungeon (6/15)             Temple (0/1) D:6

Altars:
Uskayaw


Innate Abilities, Weirdness & Mutations

You are very small and have problems with some larger weapons.
You are too small for most types of armour.
You have supernaturally acute eyesight. (SInv)
You cover ground extremely quickly.


Message History

You are too injured to fight recklessly!
You block the orc wizard's attack.
Items here: )) [ †† a +0 club; a +0 leather armour; a +0 flail; an orc corpse x2
The orc wizard mumbles some strange words.
The orc wizard blinks!
Items here: ) ? [ † a +0 dagger; a +0 robe; a scroll labeled SIOZAI GOYDUSHRORPH; an orc corpse Unknown command.
The orc wizard gestures at you while chanting.
The magic dart hits you!
The orc wizard gestures at you while chanting.
The magic dart hits you.
* * * LOW HITPOINT WARNING * * *
The orc wizard casts a spell at you. The magic dart hits you!
* * * LOW HITPOINT WARNING * * *
The orc wizard points at you and mumbles some strange words.
The magic dart hits you.
You die...

#)# #o# #o# #.# #.#
#.# #.#
#################.#
................@.#
###################


You could see an orc wizard (fast) and an orc.

Vanquished Creatures
  Duvessa (D:5)
  3 ice beasts (D:5)
  A sky beast (D:2)
  2 necrophages
  A phantom (D:6)
  2 centaurs
  Dowan (D:5)
  A water moccasin zombie (D:2)
  A bullfrog (D:7)
  A scorpion (D:4)
  3 hounds
  2 orc priests
  A gnoll shaman (D:5)
  4 jellies
  4 orc wizards
  Crazy Yiuf (D:3)
  Jessica (D:2)
  An iguana (D:4)
  5 worker ants
  A killer bee zombie (D:5)
  A hound skeleton (D:5)
  6 gnolls
  11 adders
  A shadow imp (D:5)
  A white imp (D:5)
  9 oozes (D:3)
  An adder zombie (D:5)
  An adder skeleton (D:4)
  3 worms
  A dart slug (D:3)
  5 leopard geckos
  18 orcs
  A ball python (D:2)
  8 bats
  7 giant cockroaches
  15 goblins
  12 hobgoblins
  15 jackals
  23 kobolds
  A quokka (D:6)
  4 frilled lizards
  9 rats
190 creatures vanquished.

Vanquished Creatures (others)
  2 fungi (D:3)
  10 toadstools (D:3)
12 creatures vanquished.

Grand Total: 202 creatures vanquished

Notes
Turn   | Place    | Note
-------+----------+-------------------------------------------
     0 | D:1      | Infinimo the Spriggan Berserker began the quest for the
                  | Orb.
     0 | D:1      | Reached XP level 1. HP: 11/11 MP: 2/2
   262 | D:1      | Reached XP level 2. HP: 16/16 MP: 3/3
   683 | D:1      | Reached XP level 3. HP: 19/19 MP: 4/4
   684 | D:1      | Reached ** piety under Trog
   911 | D:1      | Reached skill level 5 in Dodging
   972 | D:2      | Noticed Jessica
   976 | D:2      | Killed Jessica
   984 | D:2      | Reached XP level 4. HP: 20/24 MP: 5/5
  1391 | D:2      | Reached XP level 5. HP: 28/28 MP: 6/6
  2057 | D:2      | Noticed a sky beast
  2065 | D:2      | Killed a sky beast
  2065 | D:2      | Reached skill level 6 in Dodging
  2065 | D:2      | Reached XP level 6. HP: 25/32 MP: 7/7
  2699 | D:3      | Found a faded altar of an unknown god.
  2864 | D:3      | Found a runed translucent door.
  2865 | D:3      | Noticed Crazy Yiuf
  3103 | D:3      | Reached skill level 5 in Long Blades
  3103 | D:3      | Reached XP level 7. HP: 29/37 MP: 8/8
  3229 | D:3      | Killed Crazy Yiuf
  3395 | D:4      | Reached skill level 7 in Dodging
  3430 | D:4      | Reached *** piety under Trog
  3475 | D:4      | Noticed a +0 hand axe
  3476 | D:4      | Noticed a +0 dagger
  3479 | D:4      | Found a hide-covered altar of Uskayaw.
  4383 | D:4      | Got a slimy buckler
  4389 | D:4      | Identified the +3 buckler of Spite {+Inv MR+} (You found it
                  | on level 4 of the Dungeon)
  4394 | D:5      | Entered Level 5 of the Dungeon
  4548 | D:5      | Reached XP level 8. HP: 42/42 MP: 9/9
  4854 | D:5      | Reached skill level 8 in Dodging
  4871 | D:5      | Reached skill level 1 in Shields
  5063 | D:5      | Reached **** piety under Trog
  5130 | D:5      | Noticed Duvessa
  5139 | D:5      | Killed Duvessa
  5187 | D:5      | Noticed Dowan
  5191 | D:5      | Reached skill level 5 in Fighting
  5195 | D:5      | Killed Dowan
  5847 | D:6      | Found a staircase to the Ecumenical Temple.
  5858 | D:6      | Reached skill level 9 in Dodging
  6001 | D:6      | You fall into a shaft and drop 1 floor!
  6023 | D:7      | Reached XP level 9. HP: 47/47 MP: 10/10
  6193 | D:7      | HP: 2/47 [orc wizard/magic dart (9)]
  6194 | D:7      | Killed from afar by an orc wizard

Illustrated notes

Levels and vault maps discovered:
D:1:      minmay_arrival_stair_chambers, layout_rooms, minmay_unequal
D:2:      layout_basic, uniq_jessica
D:3:      cheibrodos_fertilizer, layout_rooms,
          chequers_ecumenical_altar_simple_redux, uniq_crazy_yiuf_cottage
D:4:      layout_cave_pods, dancing_weapons_uskayaw, minmay_misc_feat_enclosed
D:5:      layout_loops_ring, uniq_duvessa
D:6:      layout_basic, minmay_temple_entry_glass, basic_altar
D:7:      layout_basic

Skill      XL: |  1  2  3  4  5  6  7  8 |
---------------+-------------------------+-----
Long Blades    | 3 4 5 7 |  7.2
Dodging        | 5 6 7 9 |  9.2
Fighting       | 3 4 5 |  5.4
Shields        | 2 |  2.4

Action                   |  1- 3 |  4- 6 |  7- 9 || total
-------------------------+-------+-------+-------++-------
Melee: Falchion          |    76 |   189 |   356 ||   621
Invok: Berserk           |     5 |    12 |    20 ||    37
  Use: Scroll            |       |     9 |    12 ||    21
 Stab: Sleeping          |       |     1 |     1 ||     2
Armor: Animal skin       |     4 |    10 |    16 ||    30
       Robe              |       |       |     2 ||     2
Dodge: Dodged            |    95 |   169 |   251 ||   515
Block: Buckler           |       |       |    89 ||    89
       Rpst.: Falchion   |    23 |    55 |    82 ||   160

Table legend:
 A = Non-vault XP
 B = Vault XP
 C = Vault XP percentage of total XP
 D = Non-vault monster count
 E = Vault monster count
 F = Vault count percentage of total count
                 A         B        C        D         E       F
            +---------+---------+-------+---------+---------+-------
      Total |    2535 |     511 |  16.8 |     163 |      27 |  14.2
            +---------+---------+-------+---------+---------+-------
        D:1 |      49 |       4 |   7.5 |      30 |       3 |   9.1
        D:2 |     318 |      37 |  10.4 |      36 |       1 |   2.7
        D:3 |     151 |     242 |  61.6 |      26 |      21 |  44.7
        D:4 |     471 |       0 |   0.0 |      33 |       0 |   0.0
        D:5 |     848 |     228 |  21.2 |      23 |       2 |   8.0
        D:6 |     414 |       0 |   0.0 |       8 |       0 |   0.0
        D:7 |     284 |       0 |   0.0 |       7 |       0 |   0.0
            +---------+---------+-------+---------+---------+-------
